AoeStats
← emresamett60

Nomad

503230010Analyzed
2v2 RM · 11d ago on Aug 30, 2026· 51m 59s· 4 players
Game mode
Random Map
Map size
176×176
Population
200
Speed
Normal
Resources
Standard
Victory
Conquest
Starting age
Dark Age
Ending age
Imperial Age
RankedLock teamsTeams togetherTeam positionsShared explorationLock speedFull tech treeHidden civsTurbo modeCheats
Victory
Defeat
🇨🇭 Goths · Switzerland
933
+13
🇨🇭 Mongols · Switzerland
814
+18
🇹🇷 Mongols · Türkiye
871
-40
🇺🇸 Magyars · United States
858
-15
4nda
12:01 Loom
15:59 Feudal Age
16:38 Double-Bit Axe
20:30 Bloodlines
24:04 Wheelbarrow
23:25 Horse Collar
27:07 Castle Age
26:21 Gold Mining
26:51 Scale Barding Armor
35:41 Chain Barding Armor
38:13 Gold Shaft Mining
40:46 Hand Cart
41:34 Guard Tower
50:45 Imperial Age
48:28 Heavy Plow
emresamett60
4:35 Loom
6:31 Loom
7:12 Loom
23:21 Feudal Age
29:47 Town Watch
35:29 Bloodlines
40:44 Castle Age
39:20 Horse Collar
40:59 Double-Bit Axe
45:44 Wheelbarrow
45:56 Bow Saw
45:42 Gold Mining
45:43 Stone Mining
46:19 Heavy Plow
49:08 Hand Cart
48:54 Town Patrol
50:08 Light Cavalry
50:49 Husbandry
Formagella
5:56 Loom
19:03 Feudal Age
19:33 Man-at-Arms
20:27 Fletching
25:02 Castle Age
23:23 Double-Bit Axe
23:22 Horse Collar
26:17 Wheelbarrow
27:30 Pikeman
28:09 Stone Mining
29:08 Scale Mail Armor
35:34 Hand Cart
35:06 Town Watch
35:20 Bodkin Arrow
35:26 Padded Archer Armor
35:36 Forging
35:42 Chain Mail Armor
35:30 Squires
34:51 Man-at-Arms
35:48 Gold Mining
36:11 Bow Saw
36:49 Stone Shaft Mining
36:21 Long Swordsman
47:19 Iron Casting
49:36 Town Patrol
Perocat
16:08 Feudal Age
18:29 Wheelbarrow
18:48 Double-Bit Axe
23:32 Castle Age
22:11 Fletching
22:21 Padded Archer Armor
22:33 Horse Collar
22:40 Fishing Lines
23:56 Bloodlines
24:15 Husbandry
24:29 Thumb Ring
24:51 Gillnets
25:20 Bow Saw
25:14 Bodkin Arrow
25:34 Leather Archer Armor
28:00 Gold Mining
29:35 Ballistics
31:21 Hand Cart
30:53 Light Cavalry
33:34 Heavy Plow
34:05 Leather Archer Armor
35:53 Forging
35:48 Scale Barding Armor
40:32 Imperial Age
41:19 Iron Casting
41:04 Chain Barding Armor
42:16 Chemistry
40:40 Elite Skirmisher
40:43 Heavy Cavalry Archer
41:48 Parthian Tactics
41:26 Bracer
42:07 Drill
44:35 Siege Engineers
44:53 Conscription
43:58 Elite Mangudai
44:49 Capped Ram
46:19 Siege Ram
Connection lost

Rejoining the realm…

Still unreachable

The connection could not be restored.

Session expired

The server has moved on; the page needs a fresh start.